AoeStats
← 110

Arena

510557529Analyzed
4v4 RM · 23h ago on Oct 1, 2026· 40m 24s· 8 players
Game mode
Random Map
Map size
Large (8 player)
Population
200
Speed
Normal
Resources
Standard
Victory
Conquest
Starting age
Dark Age
Ending age
Imperial Age
RankedLock teamsTeams togetherTeam positionsShared explorationLock speedFull tech treeHidden civsTurbo modeCheats
Victory
Defeat
🇦🇷 Franks · Argentina
1142
+13
🇹🇼 Goths · Taiwan
1112
+14
🇹🇼 Khmer · Taiwan
1063
+16
🇷🇺 Persians · Russia
1056
+16
🇪🇸 Britons · Spain
1101
-16
🇨🇳 Burgundians · China
1094
-16
🇹🇼 Sicilians · Taiwan
1051
-14
🇹🇼 Persians · Taiwan
1028
-13
iw5420
9:56 Feudal Age
10:31 Town Watch
10:35 Double-Bit Axe
12:02 Horse Collar
20:48 Castle Age
19:43 Stone Mining
21:59 Wheelbarrow
21:31 Heavy Plow
22:06 Bow Saw
25:27 Gold Mining
27:14 Hand Cart
29:05 Gold Shaft Mining
32:59 Imperial Age
32:39 Stone Shaft Mining
33:24 Scale Mail Armor
33:35 Forging
34:34 First Crusade
34:02 Elite Serjeant
35:05 Chain Mail Armor
34:53 Capped Ram
36:24 Plate Mail Armor
36:30 Iron Casting
35:31 Pikeman
36:11 Squires
35:57 Gambesons
36:14 Man-at-Arms
36:22 Halberdier
38:59 Murder Holes
39:14 Masonry
110
0:30 Loom
12:16 Feudal Age
11:39 Double-Bit Axe
11:37 Horse Collar
18:47 Castle Age
17:14 Heavy Plow
17:51 Bow Saw
17:45 Gold Mining
18:26 Stone Mining
18:25 Town Watch
19:51 Scale Barding Armor
19:12 Cavalier
19:53 Husbandry
23:03 Forging
24:25 Fervor
26:21 Wheelbarrow
30:46 Imperial Age
28:31 Murder Holes
30:46 Chain Barding Armor
30:59 Fletching
32:02 Pikeman
32:42 Squires
32:43 Halberdier
36:00 Flemish Revolution
36:33 Scale Mail Armor
Basa El Grande
5:30 Loom
9:45 Feudal Age
10:28 Double-Bit Axe
16:28 Castle Age
14:42 Horse Collar
17:17 Wheelbarrow
16:44 Fletching
17:55 Stone Mining
27:12 Bodkin Arrow
27:17 Padded Archer Armor
27:28 Forging
27:19 Scale Mail Armor
30:57 Imperial Age
28:23 Gold Mining
29:25 Hand Cart
29:28 Leather Archer Armor
28:57 Treadmill Crane
29:39 Ballistics
30:05 Gold Shaft Mining
29:40 Murder Holes
30:02 Man-at-Arms
30:28 Gambesons
30:44 Squires
30:30 Arson
31:24 Iron Casting
31:08 Chain Mail Armor
30:35 Crossbowman
31:08 Long Swordsman
32:08 Bow Saw
32:11 Bracer
32:40 Conscription
32:25 Arbalester
33:55 Ring Archer Armor
32:51 Pikeman
33:35 Halberdier
38:03 Blast Furnace
denny0002000
10:02 Feudal Age
11:29 Loom
14:20 Castle Age
12:43 Double-Bit Axe
15:21 Bow Saw
14:53 Horse Collar
18:10 Wheelbarrow
19:35 Heavy Plow
21:31 Gold Mining
23:13 Gold Shaft Mining
22:59 Hand Cart
28:17 Imperial Age
26:25 Stone Mining
26:57 Scale Barding Armor
27:02 Forging
27:04 Bloodlines
26:55 Husbandry
28:35 Chain Barding Armor
27:56 Cavalier
29:36 Crop Rotation
30:08 Two-Man Saw
29:46 Stone Shaft Mining
30:04 Plate Barding Armor
30:05 Iron Casting
31:12 Savar
34:19 Blast Furnace
獨居老毛
10:45 Feudal Age
14:40 Castle Age
12:55 Double-Bit Axe
23:37 Horse Collar
25:27 Gold Mining
25:30 Stone Mining
29:32 Imperial Age
26:49 Loom
28:01 Wheelbarrow
27:52 Bow Saw
27:51 Heavy Plow
27:37 Pikeman
28:25 Scale Mail Armor
29:24 Forging
29:44 Squires
30:00 Chain Mail Armor
30:35 Conscription
29:45 Halberdier
31:03 Iron Casting
32:04 Two-Man Saw
32:16 Chemistry
32:09 Hand Cart
33:30 Crop Rotation
34:14 Perfusion
35:47 Blast Furnace
35:47 Anarchy
36:11 Town Watch
37:06 Stone Shaft Mining
39:38 Fletching
39:17 Elite Huskarl
PuTao
10:34 Feudal Age
11:30 Double-Bit Axe
11:26 Horse Collar
14:25 Castle Age
29:48 Imperial Age
27:53 Wheelbarrow
27:04 Loom
28:18 Forging
28:13 Scale Barding Armor
28:40 Gold Mining
29:29 Bloodlines
29:19 Husbandry
29:59 Iron Casting
30:04 Chain Barding Armor
30:24 Conscription
30:05 Heavy Plow
29:28 Cavalier
30:45 Savar
33:02 Blast Furnace
32:37 Plate Barding Armor
41:31 Hoardings
40:26 Sappers
YanYan
9:48 Feudal Age
13:24 Castle Age
11:13 Double-Bit Axe
23:02 Gold Mining
26:20 Wheelbarrow
28:23 Imperial Age
25:39 Loom
25:51 Loom
26:23 Forging
26:18 Scale Barding Armor
27:39 Iron Casting
28:11 Chain Barding Armor
28:28 Gold Shaft Mining
28:11 Husbandry
28:24 Cavalier
29:25 Conscription
29:07 Chivalry
30:11 Blast Furnace
29:25 Bow Saw
29:51 Hand Cart
30:49 Plate Barding Armor
30:28 Paladin
38:10 Fortified Wall
38:11 Fletching
KB
9:56 Feudal Age
13:52 Castle Age
33:30 Imperial Age
30:50 Loom
32:04 Wheelbarrow
31:16 Horse Collar
31:22 Double-Bit Axe
33:19 Hand Cart
33:06 Heavy Plow
33:19 Bow Saw
33:05 Gold Mining
36:38 Ballistics
37:19 Chemistry
38:29 Conscription
37:31 Heavy Scorpion
40:29 Scale Barding Armor
40:34 Forging
Connection lost

Rejoining the realm…

Still unreachable

The connection could not be restored.

Session expired

The server has moved on; the page needs a fresh start.